AoeStats
← GORGORY

Four Lakes

508317101Analyzed
1v1 RM · 11d ago on Sep 21, 2026· 24m 39s· 2 players
Game mode
Random Map
Map size
Tiny (2 player)
Population
200
Speed
Normal
Resources
Standard
Victory
Conquest
Starting age
Dark Age
Ending age
Imperial Age
RankedLock teamsTeams togetherTeam positionsShared explorationLock speedFull tech treeHidden civsTurbo modeCheats
Victory
Defeat
🇬🇧 Berbers · United Kingdom
1053
+15
🇦🇷 Magyars · Argentina
1040
-15
GORGORY
5:56 Loom
8:55 Feudal Age
9:24 Double-Bit Axe
9:30 Horse Collar
14:16 Wheelbarrow
18:09 Castle Age
16:41 Stone Mining
17:06 Gold Mining
21:07 Scale Barding Armor
EdibleHat
3:49 Loom
11:15 Feudal Age
12:04 Double-Bit Axe
16:24 Town Watch
18:17 Fishing Lines
20:45 Castle Age
19:16 Scale Barding Armor
19:22 Forging
19:48 Gold Mining
20:12 Bloodlines
21:24 Scale Mail Armor
22:01 Husbandry
21:58 Gillnets
22:50 Fletching
23:02 Padded Archer Armor
23:50 Wheelbarrow
23:51 Light Cavalry
25:12 Thumb Ring
Connection lost

Rejoining the realm…

Still unreachable

The connection could not be restored.

Session expired

The server has moved on; the page needs a fresh start.